 Dungeon Crawl Stone Soup version 0.29-a0-284-gf9362112df (webtiles) character file.

Game seed: 10528370846346120885

11 spaghetti the Grasshopper (level 2, -2/29 HPs)
             Began as an Ogre Warper on Mar 30, 2022.
             Slain by a kobold
             ... wielding a +2 dagger of venom
              (5 damage)
             ... on level 1 of the Dungeon.
             The game lasted 00:00:37 (311 turns).

spaghetti the Grasshopper (Ogre Warper)              Turns: 311, Time: 00:00:38

Health: -2/29      AC:  3    Str: 14    XL:     2   Next: 25%
Magic:  5/5        EV:  9    Int: 14    God:
Gold:   26         SH:  0    Dex:  8    Spells: 5/5 levels left

rFire   . . .      SeeInvis .   a - +0 mace {mace}
rCold   . . .      Faith    .   (no shield)
rNeg    . . .      Spirit   .   b - +0 robe
rPois   .          Reflect  .   f - +0 hat
rElec   .          Harm     .   (no cloak)
rCorr   .          Rampage  .   (gloves unavailable)
Will    .....                   (boots unavailable)
Stlth   +.........              (no amulet)
HPRegen 0.09/turn               (no ring)
MPRegen 0.09/turn               (no ring)

@: lethally poisoned (-2 -> -16)
A: large, unfitting armour, tough skin 1
a: no special abilities


You were on level 1 of the Dungeon.
You visited 1 branch of the dungeon, and saw 1 of its levels.

You collected 26 gold pieces.


Innate Abilities, Weirdness & Mutations

You are too large for most types of armour.
You have tough skin. (AC +1)


   Skills:
 - Level 2.6 Fighting
 + Level 2.6 Maces & Flails
 - Level 1.0 Throwing
 - Level 2.1 Dodging
 - Level 2.4 Spellcasting
 - Level 2.6 Translocations


You had 5 spell levels left.
You didn't know any spells.
Your spell library contained the following spells:

 Spells                   Type           Power      Damage    Failure   Level
 Blink                    Tloc           18%        N/A       12%         2
 Gell's Gravitas          Tloc           9%         N/A       22%         3
 Lesser Beckoning         Tloc           9%         N/A       22%         3
 Teleport Other           Tloc           9%         N/A       22%         3
 Manifold Assault         Tloc           9%         N/A       91%         5
 Malign Gateway           Summ/Tloc      2%         N/A       100%        7
 Summon Horrible Things   Summ           0%         N/A       100%        8

Inventory:

Hand Weapons
 a - a +0 mace (weapon) {mace}
Missiles
 d - 4 boomerangs of dispersal (quivered) {=f!fthrowing}
 e - 29 stones {throwing}
Armour
 b - a +0 robe (worn)
 f - a +0 hat (worn)
   (You found it on level 1 of the Dungeon)
Scrolls
 c - a scroll of blinking {!r}

Dungeon Overview and Level Annotations

Branches:
Dungeon (1/15)

Altars:

.. #.# #.##.# #.#
#.##.# #.# #.##.#
#.#
#.##.########.##
#.##...........#
#.##.##.######.##
#.####.......#
#[..
#..ยงK@....####
#### #...S.....#
....######### ###


You could see a ball python and a kobold.


Message History

A bat is nearby!
The bat hits you but does no damage.
You hit the bat. The bat barely misses you. The bat hits you.
The bat hits you but does no damage. ๐Ÿ˜• HP[-1]
You take 1 damage, and now have 28/29 hp.
You barely miss the bat. The bat closely misses you. The bat barely misses you.
The bat hits you but does no damage.
You miss the bat. The bat hits you but does no damage.
The bat hits you. x2 ๐Ÿ˜• HP[-2]
You take 2 damage, and now have 26/29 hp.
You hit the bat.
You kill the bat!
No target in view! ๐Ÿ˜• HP[+1] No target in view!
No target in view!
No target in view!
No target in view!
A ball python comes into view. ๐Ÿ˜Ž HP[+2]
Your hp is fully restored (29).
A ball python is nearby!
A kobold and a quokka come into view.
The kobold is wielding a +2 dagger of venom.
The kobold shouts!
A bat comes into view.
The bat moves out of view.
The ball python hisses angrily.
The quokka closely misses you. The ball python closely misses you.
The quokka misses you.
You thump the quokka!
You kill the quokka!
The ball python closely misses you.
The ball python bites you but does no damage.
The bat hits you. ๐Ÿ˜• HP[-1]
You take 1 damage, and now have 28/29 hp.
You closely miss the bat. The bat hits you but does no damage.
The ball python barely misses you. The bat hits you but does no damage.
You closely miss the bat. The bat closely misses you.
The bat hits you but does no damage. The ball python barely misses you.
The ball python bites you. The bat closely misses you. ๐Ÿ˜• HP[-2]
You take 2 damage, and now have 26/29 hp.
You barely miss the bat. The bat hits you but does no damage.
The ball python closely misses you. The ball python barely misses you.
The kobold hits you with a +2 dagger of venom.
You are poisoned. ๐Ÿ˜• HP[-1]
You take 1 damage, and now have 25/29 hp.
You closely miss the kobold.
You feel sick. The ball python barely misses you.
The kobold hits you with a +2 dagger of venom.
You are more poisoned. ๐Ÿ˜• HP[-3]
You take 3 damage, and now have 22/29 hp.
You aren't carrying any potions.
Unknown command.
Okay, then.
Throw: 7 boomerangs (disperse) {=f!fthrowing}
Press: ? - help, Q - select action, (/) - cycle Shift-Dir - straight line, f - kobold
Aim: a kobold, wielding a +2 dagger of venom and quivering stones (45% to hit)
You throw a boomerang of dispersal {=f!fthrowing}.
The boomerang of dispersal {=f!fthrowing} closely misses the kobold.
The boomerang of dispersal {=f!fthrowing} hits the bat.
The bat blinks!
You feel a bit more experienced.
You feel very sick. The ball python bites you.
The kobold hits you with a +2 dagger of venom.
* * * LOW HITPOINT WARNING * * *
The ball python bites you but does no damage. ๐Ÿ˜จ HP[-9]
You take 9 damage, and now have 13/29 hp.
MASSIVE DAMAGE!! (PAUSE) Throw: 6 boomerangs (disperse) {=f!fthrowing}
Press: ? - help, Q - select action, (/) - cycle Shift-Dir - straight line, f/p - kobold
Aim: a kobold, wielding a +2 dagger of venom and quivering stones (45% to hit)
You throw a boomerang of dispersal {=f!fthrowing}.
The boomerang of dispersal {=f!fthrowing} barely misses the kobold.
* * * LOW HITPOINT WARNING * * *
You feel very sick.
The kobold hits you with a +2 dagger of venom.
* * * LOW HITPOINT WARNING * * *
You are more poisoned.
The ball python barely misses you. ๐Ÿ˜ฑ HP[-6]
You take 6 damage, and now have 7/29 hp.
MASSIVE DAMAGE!! (PAUSE) Throw: 5 boomerangs (disperse) {=f!fthrowing}
Press: ? - help, Q - select action, (/) - cycle Shift-Dir - straight line, f/p - kobold
Aim: a kobold, wielding a +2 dagger of venom and quivering stones (45% to hit)
You throw a boomerang of dispersal {=f!fthrowing}.
The boomerang of dispersal {=f!fthrowing} closely misses the kobold.
* * * LOW HITPOINT WARNING * * *
You feel very sick. The ball python barely misses you.
The kobold hits you with a +2 dagger of venom.
You die...

Skill      XL: |  1 |
---------------+----+-----
Maces & Flails | 2 |  2.6
Fighting       | |  2.6
Throwing       | |  1.0
Dodging        | |  2.1
Spellcasting   | |  2.4
Translocations | |  2.6

Action                   || total
-------------------------++-------
Melee: Mace              ||    35
Throw: Boomerang         ||     3
Armor: Robe              ||    27
Dodge: Dodged            ||    36

Levels and vault maps discovered:
D:1:      dpeg_arrival_simpleton_a, layout_loops_ring, serial_shops,
          nicolae_shop_statue_plus, nicolae_shop_hallway_plus,
          nicolae_lakefront_shop, nicolae_shop_crystal

Notes
Turn   | Place    | Note
-------+----------+-------------------------------------------
     0 | D:1      | spaghetti the Ogre Warper began the quest for the Orb.
     0 | D:1      | Reached XP level 1. HP: 22/22 MP: 3/3
     0 | D:1      | magus.rc [v1.9.6]
    49 | D:1      | Reached skill level 2 in Maces & Flails
   171 | D:1      | You add the spells Malign Gateway and Summon Horrible
                  | Things to your library.
   256 | D:1      | Reached XP level 2. HP: 29/29 MP: 5/5
   310 | D:1      | HP: 7/29 [kobold/+2 dagger of venom (3)]
   311 | D:1      | HP: 3/29 [poisoned by a kobold]
   311 | D:1      | Slain by a kobold

Vanquished Creatures
  3 bats (D:1)
  An endoplasm (D:1)
  2 hobgoblins (D:1)
  A kobold (D:1)
  A quokka (D:1)
  A frilled lizard (D:1)
9 creatures vanquished.

Table legend:
 A = Non-vault XP
 B = Vault XP
 C = Vault XP percentage of total XP
 D = Non-vault monster count
 E = Vault monster count
 F = Vault count percentage of total count
                 A         B        C        D         E       F
            +---------+---------+-------+---------+---------+-------
      Total |      16 |       0 |   0.0 |       9 |       0 |   0.0
            +---------+---------+-------+---------+---------+-------
        D:1 |      16 |       0 |   0.0 |       9 |       0 |   0.0
            +---------+---------+-------+---------+---------+-------

Illustrated notes

Table legend:
 A = Kills in this place as a percentage of kills in entire the game.
 B = Kills by you in this place as a percentage of kills by you in the entire game.
 C = Kills by friends in this place as a percentage of kills by friends in the entire game.
 D = Other kills in this place as a percentage of other kills in the entire game.
 E = Experience gained in this place as a percentage of experience gained in the entire game.
 F = Experience gained in this place divided by the number of levels of this place that you have seen.
                   A       B       C       D       E      F
               +-------+-------+-------+-------+-------+----------------------
         Total | 100.0 | 100.0 |   N/A |   N/A | 100.0 |  16.0
       Dungeon | 100.0 | 100.0 |   N/A |   N/A | 100.0 |  16.0
               +-------+-------+-------+-------+-------+----------------------

Table legend: (Time is in decaauts)
 A = Elapsed time spent in this place.
 B = Non-inter-level travel time spent in this place.
 C = Inter-level travel time spent in this place.
 D = Time resting spent in this place.
 E = Time spent auto-exploring this place.
 F = Levels seen in this place.
 G = Mean time per level.
                   A        B        C        D        E       F      G
               +--------+--------+--------+--------+--------+-----+--------+
         Total |    321 |    321 |      0 |      0 |    229 |   1 |  321.0 |
       Dungeon |    321 |    321 |      0 |      0 |    229 |   1 |  321.0 |
               +--------+--------+--------+--------+--------+-----+--------+

Top non-repeatable levels by time:
     D:1: 321 daAuts
